 Dungeon Sprint DCSS version 0.29.1-15-g9cfb28693d (webtiles) character file.

Game seed: 6203395062116998371

943 Iago the Fighter (level 7, -9/66 HPs)
             Began as a Minotaur Fighter on Feb 24, 2023.
             Was a Follower of Hepliaklqana.
             Killed from afar by a gargoyle (13 damage)
             ... with a stone arrow
             ... in the Dungeon (Sprint IX: "|||||||||||||||||||||||||||||").
             The game lasted 00:02:45 (336 turns).

Iago the Fighter (Minotaur Fighter)                  Turns: 336, Time: 00:02:46

Health: -9/66      AC: 18    Str: 23    XL:     7   Next: 88%
Magic:  6/6        EV:  8    Int:  5    God:    Hepliaklqana [*.....]
Gold:   0          SH:  6    Dex: 12    Spells: 6/6 levels left

rFire   . . .      SeeInvis .   b - +2 morningstar (protect)
rCold   . . .      Faith    .   c - +0 buckler
rNeg    . . .      Spirit   .   q - +0 plate armour
rPois   .          Reflect  .   (helmet restricted)
rElec   .          Harm     .   (no cloak)
rCorr   .          Rampage  .   (no gloves)
Will    .....      NoTele   +   o - +0 pair of boots
Stlth   ..........              (no amulet)
HPRegen 0.21/turn               r - +2 ring of protection
MPRegen 0.10/turn               s - +3 ring of dexterity

@: no status effects
A: reduced essence, horns 2, retaliatory headbutt
a: Renounce Religion, Recall Ancestor, Ancestor Identity


You were in the Dungeon.
You worshipped Hepliaklqana.
Hepliaklqana was aware of your devotion.
You visited 1 branch

Inventory:

Hand Weapons
 a - a +3 war axe of venom
 b - a +2 morningstar of protection (weapon)
Armour
 c - a +0 buckler (worn)
 o - a +0 pair of boots (worn)
 q - a +0 plate armour (worn)
Jewellery
 r - a +2 ring of protection (left hand)
 s - a +3 ring of dexterity (right hand)
Wands
 m - a wand of quicksilver (9)
Scrolls
 j - 2 scrolls of blinking
 l - 2 scrolls of amnesia
Potions
 d - a potion of might
 e - 5 potions of curing
 f - 3 potions of heal wounds
 g - a potion of haste
 h - 4 potions of magic
 i - a potion of berserk rage
 k - a potion of invisibility


   Skills:
 + Level 11.2 Fighting
 + Level 9.3(10.0) Axes
 + Level 5.8(8.4) Maces & Flails
 + Level 10.6 Armour
 + Level 3.3 Dodging
 + Level 10.0 Shields


You had 6 spell levels left.
You didn't know any spells.
Your spell library was empty.

Dungeon Overview and Level Annotations

Branches:
Dungeon (1/1)

Altars:
Cheibriados
Dithmenos
Elyvilon
Fedhas
Gozag
Hepliaklqana
Kikubaaqudgha
Makhleb
Nemelex Xobeh
Okawaru
Qazlal
Ru
Sif Muna
Trog
Uskayaw
Vehumet
Wu Jian
Xom
Yredelemnul
Zin
The Shining One
Jiyva
Lugonu


Innate Abilities, Weirdness & Mutations

Your life essence is reduced to manifest your ancestor. (-10% HP)
You have a pair of horns on your head.
You reflexively headbutt those who attack you in melee.


Message History

You sock the two-headed ogre!
The two-headed ogre is severely wounded.
The two-headed ogre hits you but does no damage.
The two-headed ogre hits you with a +0 giant spiked club!
* * * LOW HITPOINT WARNING * * *
The two-headed ogre attacks as you move away!
The two-headed ogre barely misses you.
The two-headed ogre hits you but does no damage.
You barely miss the two-headed ogre.
The two-headed ogre is severely wounded.
The two-headed ogre hits you but does no damage. x2
Unknown command.
Aiming: Quicksilver Bolt
Press: ? - help, Shift-Dir - straight line, f - two-headed ogre
Aim: a two-headed ogre, wielding two +0 giant spiked clubs (severely wounded, 86% to hit)
The bolt of dispelling energy hits the two-headed ogre!
The two-headed ogre is almost dead.
The bolt of dispelling energy hits the gargoyle.
The gargoyle is lightly damaged.
The bolt of dispelling energy hits the acid dragon!
The acid dragon is heavily wounded.
You impale the two-headed ogre!!
Your weapon exudes an aura of protection.
You kill the two-headed ogre!
The gargoyle hurls a stone arrow at you.
The stone arrow hits you but does no damage.
Your Fighting skill gained 2 levels and is now at level 11!
Your base Axes skill gained 2 levels and is now at level 9!
Your base Maces & Flails skill gained 3 levels and is now at level 5!
Your Armour skill increases to level 10!
Your Dodging skill increases to level 3!
Your Shields skill gained 2 levels and is now at level 10!
You have reached level 7!
You completely miss the gargoyle. You headbutt the gargoyle!
The gargoyle is severely damaged.
The gargoyle hits you with a +0 mace!
* * * LOW HITPOINT WARNING * * *
The gargoyle hurls a stone arrow at you.
The stone arrow hits you!
You die... ▓▓▓▓▓▓▓▓▓▓▓▓▓▓▓▓▓▓▓▓▓▓▓▓▓▓▓ __________'..)..@.9D)...... ▓▓▓▓▓▓▓▓▓▓▓▓▓▓▓▓▓▓▓▓▓▓▓▓▓▓▓

You could see an acid dragon and a gargoyle.

Vanquished Creatures
  A two-headed ogre (D)
  A wyvern (D)
  A centaur (D)
  A killer bee (D)
  A hound (D)
  An orc wizard (D)
  An iguana (D)
  2 dart slugs (D)
  An orc (D)
  A hobgoblin (D)
  A quokka (D)
  2 ball pythons (D)
14 creatures vanquished.

Vanquished Creatures (others)
  An ancestor (D)
1 creature vanquished.

Grand Total: 15 creatures vanquished

Notes
Turn   | Place    | Note
-------+----------+-------------------------------------------
     0 | D        | Iago the Minotaur Fighter began the quest for the Orb.
     0 | D        | Reached XP level 1. HP: 19/19 MP: 0/0
     6 | D        | Reached skill level 4 in Fighting
    15 | D        | Noticed a centaur
    15 | D        | Noticed a hound
    15 | D        | Noticed an iguana
    18 | D        | Killed a centaur
    19 | D        | Reached skill level 6 in Fighting
    19 | D        | Reached XP level 2. HP: 23/31 MP: 1/1
    19 | D        | Reached XP level 3. HP: 28/38 MP: 2/2
    19 | D        | Reached XP level 4. HP: 33/45 MP: 3/3
    26 | D        | Reached skill level 7 in Fighting
    26 | D        | Reached skill level 1 in Dodging
    38 | D        | Reached skill level 5 in Axes
    38 | D        | Reached XP level 5. HP: 35/52 MP: 4/4
   242 | D        | Found a snail-covered altar of Cheibriados.
   242 | D        | Found a shadowy altar of Dithmenos.
   242 | D        | Found a white marble altar of Elyvilon.
   242 | D        | Found a blossoming altar of Fedhas.
   242 | D        | Found an opulent altar of Gozag.
   243 | D        | Found a hazy altar of Hepliaklqana.
   244 | D        | Found a viscous altar of Jiyva.
   245 | D        | Found an ancient bone altar of Kikubaaqudgha.
   246 | D        | Found a corrupted altar of Lugonu.
   247 | D        | Found a burning altar of Makhleb.
   248 | D        | Found a sparkling altar of Nemelex Xobeh.
   249 | D        | Found an iron altar of Okawaru.
   250 | D        | Found a stormy altar of Qazlal.
   251 | D        | Became a worshipper of Hepliaklqana the Forgotten
   252 | D        | Found a sacrificial altar of Ru.
   253 | D        | Found a shimmering blue altar of Sif Muna.
   254 | D        | Found a bloodstained altar of Trog.
   255 | D        | Found a hide-covered altar of Uskayaw.
   256 | D        | Found a radiant altar of Vehumet.
   257 | D        | Found an ornate altar of the Wu Jian Council.
   258 | D        | Found a shimmering altar of Xom.
   259 | D        | Found a basalt altar of Yredelemnul.
   260 | D        | Found a glowing silver altar of Zin.
   261 | D        | Found a glowing golden altar of the Shining One.
   311 | D        | Reached * piety under Hepliaklqana
   311 | D        | Noticed a wyvern
   311 | D        | Noticed a two-headed ogre
   311 | D        | Noticed a gargoyle
   311 | D        | Noticed an acid dragon
   313 | D        | Reached skill level 8 in Fighting
   324 | D        | Killed a wyvern
   325 | D        | Reached skill level 9 in Fighting
   325 | D        | Reached XP level 6. HP: 39/57 MP: 5/5
   334 | D        | Killed a two-headed ogre
   335 | D        | Reached skill level 11 in Fighting
   335 | D        | Reached skill level 5 in Maces & Flails
   335 | D        | Reached skill level 10 in Armour
   335 | D        | Reached skill level 10 in Shields
   335 | D        | Reached XP level 7. HP: 16/66 MP: 6/6
   336 | D        | Killed from afar by a gargoyle

Illustrated notes

Levels and vault maps discovered:
D:        linesprint [early_d, line_temple, items_1, d_10, items_2, lair_1,
          lair_end, items_3, orc_1, orc_end, items_4, d_15, swamp_1, shoals_1,
          snake_1, spider_1, d_20, vaults_1, items_5, swamp_end, shoals_end,
          snake_end, spider_end, vaults_end, d_27, items_6, zot_1, zot_end,
          crypt_end, forest_end, elf_end, slime_end, tomb_end, abyss_end,
          pan_hell_end]

Skill      XL: |  1  2  3  4  5  6 |
---------------+-------------------+-----
Fighting       | 6 7 9 11 | 11.2
Armour         | 6 7 9 10 | 10.6
Shields        | 6 7 8 10 | 10.0
Axes           | 4 5 7 9 |  9.3
Dodging        | 1 2 3 |  3.3
Maces & Flails | 2 5 |  5.8

Action                   |  1- 3 |  4- 6 |  7- 9 || total
-------------------------+-------+-------+-------++-------
Melee: War axe           |     8 |    20 |       ||    28
       Headbutt          |       |     1 |     1 ||     2
       Morningstar       |       |    12 |     1 ||    13
Evoke: Wand              |       |     1 |       ||     1
Armor: Scale mail        |     3 |     8 |       ||    11
       Plate armour      |       |    16 |       ||    16
Dodge: Dodged            |     8 |     8 |       ||    16
Block: Buckler           |     1 |     8 |       ||     9
